[Event "Team 45 45 League T58"]
[Site "Internet Chess Club"]
[Date "2013.09.06"]
[Round "3"]
[White "palm47"]
[Black "parrot9"]
[Result "1-0"]
[WhiteElo "1620"]
[BlackElo "1581"]
[Opening "English: Caro-Kann defensive system"]
[ECO "A12"]
[Time "12:14:05"]
[TimeControl "2700+45"]

1. Nf3 d5 2. c4 c6 3. b3 Nf6 4. g3 Nbd7 5. Bb2 e6 6. Bg2 Be7 7. O-O O-O 8. d4
Re8 9. Nc3 a6 10. cxd5 cxd5 11. Ne5 Qc7 12. Rc1 Nxe5 13. Nxd5 Qb8 14. Nxe7+ Rxe7
15. dxe5 Rd7 16. exf6 Rxd1 17. Rfxd1 gxf6 18. Bxf6 h5 19. Rd8+ Kh7 20. Be4+
{Black resigns} 1-0

[Event "Team 45 45 League T58"]
[Site "Internet Chess Club"]
[Date "2013.09.08"]
[Round "3"]
[White "Invicta-Knight"]
[Black "Nxs123"]
[Result "1-0"]
[WhiteElo "1507"]
[BlackElo "1524"]
[Opening "French: advance, Paulsen attack"]
[ECO "C02"]
[Time "14:00:41"]
[TimeControl "2700+45"]

1. e4 e6 2. d4 d5 3. e5 c5 4. c3 Nc6 5. Nf3 Qb6 6. a3 Bd7 7. b4 cxd4 8. cxd4
Nge7 9. Nc3 Nf5 10. Be3 Rc8 11. Na4 Qd8 12. Bd3 Nxe3 13. fxe3 g6 14. O-O Bg7 15.
Nc5 b6 16. Nb7 Qc7 17. Nd6+ Ke7 18. Nxc8+ Rxc8 19. Ng5 Rf8 20. Nxh7 Rh8 21. Qf3
Be8 22. Nf6 Qd8 23. Rac1 Rf8 24. Bb5 Qa8 25. Nxe8 {Black resigns} 1-0

[Event "Team 45 45 League T58"]
[Site "Internet Chess Club"]
[Date "2013.09.10"]
[Round "3"]
[White "evan7284"]
[Black "calsal"]
[Result "0-1"]
[WhiteElo "1715"]
[BlackElo "1677"]
[Opening "King's Indian: Torre attack"]
[ECO "A48"]
[Time "16:59:51"]
[TimeControl "2700+45"]

1. d4 Nf6 2. Nf3 g6 3. Bg5 Bg7 4. Nbd2 O-O 5. e4 d6 6. Bd3 Nbd7 7. O-O e5 8. c3
h6 9. Bh4 c6 10. Qc2 Qc7 11. Rfe1 Nh5 12. Bg3 Nf4 13. Bxf4 exf4 14. Rad1 Re8 15.
Bc4 b5 16. Bb3 Bb7 17. Nh4 c5 18. dxc5 dxc5 19. c4 a6 20. cxb5 axb5 21. a3 c4
22. Ba2 Nc5 23. Nxc4 bxc4 24. Qxc4 Ba6 25. Qc2 Ne6 26. Qxc7 Nxc7 27. Bxf7+ Kxf7
{White resigns} 0-1

[Event "Team 45 45 League T58"]
[Site "Internet Chess Club"]
[Date "2013.09.04"]
[Round "3"]
[White "guyd52"]
[Black "Ostap-Bender"]
[Result "1-0"]
[WhiteElo "1389"]
[BlackElo "1357"]
[Opening "Réti: King's Indian attack (Barcza system)"]
[ECO "A07"]
[Time "19:00:47"]
[TimeControl "2700+45"]

1. Nf3 d5 2. g3 Nf6 3. Bg2 c5 4. d3 Nc6 5. O-O e5 6. Nbd2 Be7 7. e4 d4 8. Nc4
Nd7 9. Bd2 O-O 10. c3 b5 11. Na3 a6 12. Qc2 Bb7 13. b3 Qc7 14. Qb2 dxc3 15. Bxc3
b4 16. Bd2 bxa3 17. Qxa3 Nf6 18. Qc1 Qd6 19. Qc3 Nd4 20. Rfe1 Nxf3+ 21. Bxf3 Qd4
22. Qc2 Qd7 23. Be3 Rac8 24. Kg2 Ng4 25. Bd2 Rfd8 26. h3 Nf6 27. Re3 Qb5 28. Be2
Qc6 29. Ba5 Rd7 30. f3 Ne8 31. Qc3 f6 32. h4 Nd6 33. Bf1 Nb5 34. Qc4+ Kh8 35.
Kf2 Nd4 36. Bh3 f5 37. exf5 Nxf3 38. f6 Qxf6 39. Ke2 Nd4+ 40. Ke1 Nf3+ 41. Kd1
e4 42. Bxd7 Qxa1+ 43. Qc1 Qxc1+ 44. Kxc1 Rf8 45. Bg4 exd3 46. Rxd3 Nd4 47. Bc7
Rf1+ 48. Kd2 Rf2+ 49. Kd1 Rxa2 50. Re3 Ra1+ 51. Kd2 Ra2+ 52. Kd1 Nc6 53. Bd7 Bf8
54. Re8 Rf2 55. Bd6 {Black forfeits on time} 1-0

[Event "Team 45 45 League T58"]
[Site "Internet Chess Club"]
[Date "2013.09.06"]
[Round "3"]
[White "stantheman59"]
[Black "JohLeb"]
[Result "0-1"]
[WhiteElo "1195"]
[BlackElo "1402"]
[Opening "Sicilian defense"]
[ECO "B30"]
[Time "20:05:25"]
[TimeControl "2700+45"]

1. e4 c5 2. Nf3 Nc6 3. b3 e5 4. Bb2 d6 5. Nc3 Nf6 6. Bc4 Be6 7. Bxe6 fxe6 8. O-O
Be7 9. Ng5 Qd7 10. a3 h6 11. Nf3 O-O-O 12. Ne2 Nxe4 13. d3 Ng5 14. Nd2 d5 15. c3
d4 16. b4 dxc3 17. Bxc3 Kb8 18. b5 Nd4 19. Nc4 Nxe2+ 20. Qxe2 Qxd3 21. Qxe5+ Ka8
22. Ne3 Bf6 23. Qxc5 Qxc3 24. Qxc3 Bxc3 25. Rab1 Ne4 26. Rfd1 Rxd1+ 27. Rxd1 Kb8
28. f3 Nc5 29. Nc4 Kc7 30. Rc1 Bd4+ 31. Kf1 Rd8 32. g4 g5 33. h3 b6 34. Kg2 Kb7
35. Rd1 Rd7 36. h4 Bf6 37. Rxd7+ Nxd7 38. Nd6+ Kb8 39. Ne4 Be7 40. hxg5 hxg5 41.
Kg3 Nc5 42. Nc3 Bf6 43. Ne4 Nxe4+ 44. fxe4 e5 45. Kf3 Kc7 46. Ke3 Kd6 47. Kd3
Kc5 48. Kc3 Be7 49. a4 Bd6 50. Kb3 Kd4 51. Kc2 Kxe4 52. Kc3 Bc5 53. Kc4 Kf3 54.
Kd5 e4 55. Kc4 e3 56. Kd3 e2 57. Kd2 Kf2 {White resigns} 0-1

[Event "Team 45 45 League T58"]
[Site "Internet Chess Club"]
[Date "2013.09.08"]
[Round "3"]
[White "drsigmund1"]
[Black "houseofcook"]
[Result "1-0"]
[WhiteElo "1597"]
[BlackElo "1485"]
[Opening "Queen's bishop game"]
[ECO "D02"]
[Time "08:00:37"]
[TimeControl "2700+45"]

1. d4 d5 2. Nf3 Nf6 3. Bf4 e6 4. e3 c5 5. c3 Bd6 6. Ne5 Nc6 7. Bb5 Qc7 8. Qa4
Bd7 9. Nxd7 Nxd7 10. Bg3 O-O 11. Nd2 a6 12. Bd3 b5 13. Qd1 c4 14. Bc2 Rfe8 15.
f4 Nf8 16. Nf3 Rac8 17. O-O Ne7 18. Bf2 Neg6 19. h4 Ne7 20. h5 Nf5 21. g4 Ne7
22. Kh1 f5 23. Rg1 fxg4 24. Rxg4 Nf5 25. Qg1 h6 26. Qg2 Qf7 27. Qh3 Qd7 28. Rag1
Re7 29. Qg2 Rc7 30. Nh4 Nxh4 31. Bxh4 Rf7 32. Rf1 Be7 33. Bf2 Bf6 34. Qh3 Kh8
35. Bg3 Qd8 36. f5 Rce7 37. Rgf4 e5 38. R4f2 e4 39. b3 Qc8 40. b4 Qb7 41. Rg2
Nh7 42. Bf4 Rd7 43. Rfg1 Rd8 44. Rg6 Nf8 45. Bxh6 Nxg6 46. hxg6 Kg8 47. Bf4 Kf8
48. gxf7 Qxf7 49. Bd1 Ke7 50. Kg2 Rg8 51. Kf1 Qf8 52. Qg3 Kd7 53. Be5 Kc6 54.
Qg6 Qd8 55. Bxf6 gxf6 56. Qxg8 {Black resigns} 1-0

[Event "Team 45 45 League T58"]
[Site "Internet Chess Club"]
[Date "2013.09.06"]
[Round "3"]
[White "SirIvanhoe"]
[Black "Leon13"]
[Result "1-0"]
[WhiteElo "1519"]
[BlackElo "1494"]
[Opening "Bishop's opening: Berlin defense"]
[ECO "C24"]
[Time "13:00:48"]
[TimeControl "2700+45"]

1. e4 e5 2. Bc4 Nf6 3. d3 d6 4. f4 g6 5. fxe5 dxe5 6. Nf3 Bg4 7. h3 Bxf3 8. Qxf3
Nc6 9. Be3 Be7 10. Nc3 Rf8 11. Bh6 Nd4 12. Qd1 Nh5 13. O-O f6 14. Bxf8 Bxf8 15.
Ne2 Bc5 16. Kh2 Qd6 17. c3 Nxe2 18. Qxe2 O-O-O 19. g3 Nf4 20. gxf4 exf4 21. Qg4+
f5 22. Qxf4 Qe7 23. Kg2 Bd6 24. Qe3 f4 25. Qf3 Qg5+ 26. Qg4+ Qxg4+ 27. hxg4 g5
28. Be6+ Kb8 29. Rh1 Re8 30. Bf5 {Black resigns} 1-0

[Event "Team 45 45 League T58"]
[Site "Internet Chess Club"]
[Date "2013.09.06"]
[Round "3"]
[White "otib2006"]
[Black "Gilguli"]
[Result "1-0"]
[WhiteElo "1322"]
[BlackElo "1385"]
[Opening "Queen's pawn game"]
[ECO "D04"]
[Time "08:12:35"]
[TimeControl "2700+45"]

1. d4 d5 2. Nf3 Nf6 3. e3 Bg4 4. Nbd2 e6 5. Bd3 Nc6 6. O-O Nb4 7. Qe2 Bd6 8. c3
Nxd3 9. Qxd3 Bf5 10. Qe2 c6 11. Nh4 Bg6 12. Nxg6 hxg6 13. h3 Qc7 14. Nf3 O-O-O
15. b4 b5 16. a4 Ne4 17. Qd3 Be7 18. Ne5 Nd6 19. Bd2 Rdf8 20. Qc2 Bf6 21. axb5
Bxe5 22. dxe5 Nxb5 23. c4 dxc4 24. Qxc4 Kb7 25. Qc5 Rh5 26. Qxf8 Rxe5 27. Qxg7
Rd5 28. Rfd1 Qd7 29. Ra2 e5 30. e4 Rd4 31. Qxe5 Nc3 32. Bxc3 Rxd1+ 33. Kh2 Rc1
34. Bd4 a6 35. Be3 Rc4 36. Rd2 Qc7 37. Qxc7+ Kxc7 38. Rb2 Rxe4 39. Bc5 Rc4 40.
Ra2 Kb7 41. Re2 Rf4 42. Kg3 Rf5 43. Kg4 Kc7 44. Re7+ Kb8 45. h4 f6 46. Rg7
{Black resigns} 1-0

[Event "Team 45 45 League T58"]
[Site "Internet Chess Club"]
[Date "2013.09.07"]
[Round "3"]
[White "semperfi"]
[Black "Andaluz"]
[Result "1-0"]
[WhiteElo "1396"]
[BlackElo "1144"]
[Opening "Queen's pawn: stonewall attack"]
[ECO "A45"]
[Time "14:55:07"]
[TimeControl "2700+45"]

1. d4 Nf6 2. e3 d5 3. Bd3 e6 4. f4 c5 5. c3 Bd7 6. Nf3 Nc6 7. O-O Bd6 8. Nbd2 c4
9. Bc2 Ng4 10. Qe2 Be7 11. h3 Nh6 12. Ne5 a6 13. Qh5 Bf8 14. Qf3 f5 15. Qg3 Nxe5
16. fxe5 g6 17. Nf3 Be7 18. Qf2 Nf7 19. Qe2 O-O 20. Bd2 Ng5 21. Be1 Nxf3+ 22.
Qxf3 Bg5 23. Bg3 Bh4 24. Bxh4 Qxh4 25. Qf4 Qxf4 26. Rxf4 Rf7 27. Rh4 Raf8 28. g3
Be8 29. Rf4 g5 30. Rff1 Bc6 31. Bd1 Kg7 32. Bh5 Re7 33. g4 fxg4 34. Rxf8 Kxf8
35. Rf1+ Kg7 36. Bxg4 Bd7 37. b3 b5 38. bxc4 bxc4 39. Rb1 Bb5 40. Rb4 Kg6 41. a4
{Black forfeits on time} 1-0

[Event "Team 45 45 League T58"]
[Site "Internet Chess Club"]
[Date "2013.09.08"]
[Round "3"]
[White "koni"]
[Black "Muravey"]
[Result "0-1"]
[WhiteElo "1927"]
[BlackElo "2012"]
[Opening "Réti: King's Indian attack"]
[ECO "A08"]
[Time "13:01:45"]
[TimeControl "2700+45"]

1. Nf3 d5 2. g3 c5 3. Bg2 Nc6 4. O-O Nf6 5. d3 Bf5 6. Re1 h6 7. Nbd2 e6 8. Nh4
Bh7 9. e4 Be7 10. e5 Nd7 11. Nhf3 b5 12. Nf1 c4 13. d4 b4 14. h4 a5 15. N3h2 Qb6
16. Be3 a4 17. f4 O-O 18. Nf3 b3 19. c3 a3 20. Qc1 axb2 21. Qxb2 Ba3 22. Qd2 b2
23. Rab1 Bxb1 24. Rxb1 Rfb8 25. g4 Bf8 26. f5 Rxa2 27. Bh3 Ra1 28. Qc2 Rxb1 29.
Qxb1 Qa5 30. fxe6 fxe6 31. g5 Nd8 32. N3d2 hxg5 33. Bxg5 Qxc3 34. Bg4 Qxd4+ 35.
Ne3 Qxd2 36. Nxc4 Qd4+ 37. Ne3 Qe4 {White resigns} 0-1

[Event "Team 45 45 League T58"]
[Site "Internet Chess Club"]
[Date "2013.09.08"]
[Round "3"]
[White "Constrictor"]
[Black "THE-WARRIOR"]
[Result "0-1"]
[WhiteElo "1705"]
[BlackElo "1733"]
[Opening "QGD semi-Slav: Chigorin defense"]
[ECO "D46"]
[Time "20:02:22"]
[TimeControl "2700+45"]

1. Nf3 d5 2. d4 e6 3. c4 c6 4. e3 Nd7 5. Nc3 Ngf6 6. Bd3 Bd6 7. O-O O-O 8. Bd2
e5 9. dxe5 Nxe5 10. Nxe5 Bxe5 11. cxd5 cxd5 12. Be2 Bd7 13. Bf3 Bc6 14. Rc1 Qd6
15. h3 Rad8 16. Qb3 Qd7 17. Rfd1 a6 18. Ne2 Ba4 19. Qb6 Bxd1 20. Rxd1 Qc6 21.
Qb3 Rfe8 22. Rc1 Qd7 23. Bc3 Rc8 24. Rd1 Rcd8 25. Bxe5 Rxe5 26. Rd4 b5 27. Qd3
Qe6 28. Ng3 Rc8 29. Rh4 g6 30. Bg4 Nxg4 31. hxg4 Rc1+ 32. Kh2 Rc4 33. Nf5 gxf5
34. Rxh7 Kxh7 35. gxf5 Qxf5 {White resigns} 0-1

[Event "Team 45 45 League T58"]
[Site "Internet Chess Club"]
[Date "2013.09.07"]
[Round "3"]
[White "ghostfire"]
[Black "John3v16"]
[Result "1-0"]
[WhiteElo "1750"]
[BlackElo "1703"]
[Opening "Ruy Lopez: modern Steinitz defense"]
[ECO "C71"]
[Time "22:02:53"]
[TimeControl "2700+45"]

1. e4 e5 2. Nf3 Nc6 3. Bb5 a6 4. Ba4 d6 5. h3 b5 6. Bb3 Na5 7. c3 Nxb3 8. Qxb3
c5 9. d3 Be7 10. a4 Bd7 11. axb5 axb5 12. Rxa8 Qxa8 13. O-O Nf6 14. Be3 O-O 15.
Nbd2 Qa4 16. Qxa4 bxa4 17. Ra1 Bb5 18. c4 Bc6 19. b3 Ra8 20. bxa4 Rxa4 21. Rb1
h6 22. Nh4 Ra3 23. Nf5 Bf8 24. Rb8 Be8 25. Nb3 Ra2 26. g4 Rb2 27. g5 hxg5 28.
Bxg5 Ba4 29. Ne7+ Kh7 30. Rxf8 Nd7 31. Rxf7 Rxb3 32. Nf5 Rxd3 33. Rxg7+ Kh8 34.
Rg6 Rxh3 35. Nxd6 Bd1 36. Kg2 Rh5 37. Ne8 Nf8 38. Bf6+ Kh7 39. Rg7+ Kh6 40. Nd6
Nh7 41. Nf7# {Black checkmated} 1-0

[Event "Team 45 45 League T58"]
[Site "Internet Chess Club"]
[Date "2013.09.09"]
[Round "3"]
[White "SlimeDog2"]
[Black "HematiteBrown"]
[Result "1-0"]
[WhiteElo "2038"]
[BlackElo "2023"]
[Opening "King's Indian: fianchetto, Panno variation"]
[ECO "E63"]
[Time "22:30:21"]
[TimeControl "2700+45"]

1. Nf3 Nf6 2. c4 g6 3. d4 Bg7 4. g3 d6 5. Bg2 O-O 6. Nc3 Nc6 7. O-O a6 8. Qd3 b5
9. cxb5 axb5 10. Qxb5 Bd7 11. Qd3 Nb4 12. Qd1 Ra5 13. a3 Qc8 14. Bg5 Nbd5 15.
Nxd5 Rxd5 16. Rc1 Bh3 17. Bxh3 Qxh3 18. Bxf6 Bxf6 19. Rxc7 Rh5 20. Kh1 g5 21.
Rg1 g4 22. Nh4 Bxh4 23. gxh4 Qxh4 24. Rg2 Kh8 25. e4 Rg8 26. Qc2 Qf6 27. d5 Rh3
28. Rc8 h5 29. Rg3 Rxg3 30. hxg3 Qf3+ 31. Kh2 e5 32. dxe6 Rxc8 33. Qxc8+ Kh7 34.
Qc2 h4 35. e5+ Kg8 36. e7 h3 37. e8=Q+ Kg7 38. Qec6 d5 39. Qf6+ {Black resigns}
1-0

[Event "Team 45 45 League T58"]
[Site "Internet Chess Club"]
[Date "2013.09.07"]
[Round "3"]
[White "pmcglothin"]
[Black "CKNIGHT3"]
[Result "1-0"]
[WhiteElo "1834"]
[BlackElo "1711"]
[Opening "Réti: King's Indian attack (Barcza system)"]
[ECO "A07"]
[Time "14:34:19"]
[TimeControl "2700+45"]

1. Nf3 d5 2. g3 Nf6 3. Bg2 g6 4. O-O Bg7 5. d3 c5 6. Nbd2 Bf5 7. Nh4 Be6 8. e4
Nc6 9. c3 Qd7 10. f4 Bg4 11. Qe1 O-O-O 12. e5 Ne8 13. Qf2 b6 14. Qe3 f6 15. Nhf3
d4 16. cxd4 cxd4 17. Qf2 fxe5 18. fxe5 Nxe5 19. Nxe5 Bxe5 20. Nc4 Bf6 21. Qc2
Nc7 22. Bf4 g5 23. Be5 Rhf8 24. Bxc7 Qxc7 25. Rac1 Kb8 26. Qd2 Qd7 27. Rf2 Rc8
28. Rcf1 Rg8 29. Qb4 Qc7 30. Na5 Bd7 31. Nc4 Bc6 32. Bxc6 Qxc6 33. Rf5 Ka8 34.
Rb5 Rb8 35. a4 Rb7 36. Qb3 Rgb8 37. Qc2 Qc7 38. Qg2 Rc8 39. a5 Qc6 40. Qxc6 Rxc6
41. axb6 axb6 42. Ra1+ Kb8 43. Ra6 Kc7 44. Kf2 h5 45. h3 e6 46. Kf3 Be7 47. Ke4
Bc5 48. b4 Be7 49. Kxd4 Bf6+ 50. Ke4 Be7 51. Ra8 Bd8 52. Ke5 Rb8 53. Ra7+ Rb7
54. Ra1 Kb8 55. Ke4 Ra7 56. Rxa7 Kxa7 57. g4 hxg4 58. hxg4 Ka6 59. Re5 Bf6 60.
b5+ Ka7 61. bxc6 Bxe5 62. Nxe5 b5 63. Kd4 Kb6 64. Kc3 Kc7 65. Kb4 Kb6 66. d4 Ka6
67. Nd7 Ka7 68. Kxb5 Ka8 69. Kc5 Ka7 70. Kd6 e5 71. dxe5 Ka6 72. e6 Ka7 73. e7
Ka6 74. e8=Q Kb5 75. Qb8+ Kc4 76. Ne5+ Kd4 77. Qb6+ Ke4 78. Qb4+ Ke3 79. Qc4 Kf2
80. Qc3 Ke2 81. Qd3+ Kf2 82. Qf3+ Kg1 83. Qe2 Kh1 84. Kd5 Kg1 85. Nf3+ Kh1 86.
Qh2# {Black checkmated} 1-0

[Event "Team 45 45 League T58"]
[Site "Internet Chess Club"]
[Date "2013.09.05"]
[Round "3"]
[White "sharky123"]
[Black "calsal"]
[Result "1/2-1/2"]
[WhiteElo "1699"]
[BlackElo "1658"]
[Opening "Scotch game"]
[ECO "C45"]
[Time "16:30:48"]
[TimeControl "2700+45"]

1. e4 e5 2. Nf3 Nc6 3. d4 exd4 4. Nxd4 Bc5 5. Nxc6 Qf6 6. Qd2 dxc6 7. Nc3 Bb4 8.
Bd3 Bd7 9. a3 Bxc3 10. Qxc3 Qxc3+ 11. bxc3 Nf6 12. Bg5 O-O-O 13. O-O Rde8 14. f3
Nh5 15. Ra2 h6 16. Be3 b6 17. Re1 g5 18. g4 Nf4 19. Bxf4 gxf4 20. h3 f5 21. Kf2
fxg4 22. hxg4 Re5 23. Rh1 Be6 24. Rb2 Ra5 25. Ra1 h5 26. Rh1 Rxa3 27. Rxh5 Rxh5
28. gxh5 Ra5 29. e5 Rxe5 30. h6 Rh5 31. h7 Kd7 32. Rb4 c5 33. Rxf4 Ke7 34. Kg3
Rh3+ 35. Kf2 c4 36. Bxc4 Bxc4 37. Rxc4 Kd6 38. Rd4+ Ke6 39. Re4+ Kd6 40. Rd4+
Ke6 41. Re4+ Kf6 42. Rf4+ Ke6 43. Re4+ Kd6 44. Rd4+ {Game drawn by repetition}
1/2-1/2

[Event "Team 45 45 League T58"]
[Site "Internet Chess Club"]
[Date "2013.09.08"]
[Round "3"]
[White "quale"]
[Black "jt2000"]
[Result "0-1"]
[WhiteElo "1771"]
[BlackElo "1838"]
[Opening "Sicilian: Canal-Sokolsky attack, 3...Bd7"]
[ECO "B52"]
[Time "13:10:37"]
[TimeControl "2700+45"]

1. e4 c5 2. Nf3 d6 3. Bb5+ Bd7 4. Bxd7+ Nxd7 5. c4 Ngf6 6. Nc3 e6 7. O-O Be7 8.
d4 cxd4 9. Qxd4 a6 10. Rd1 O-O 11. e5 dxe5 12. Nxe5 Nxe5 13. Qxe5 Qb6 14. Be3
Qc6 15. Rd4 Bc5 16. Rh4 Bxe3 17. Qxe3 Rad8 18. Rd4 Qc7 19. Rad1 h6 20. Qd3 Rxd4
21. Qxd4 Rc8 22. b3 b5 23. Nxb5 axb5 24. cxb5 Qc5 25. Qxc5 Rxc5 26. a4 Nd5 27.
Rb1 Kf8 28. Kf1 Nb4 29. Ke2 Ke7 30. Kd2 Kd6 31. Ke3 Rd5 32. Ke2 Rd3 33. Rb2 Kc5
34. Rc2+ Nxc2 35. Kxd3 Nb4+ 36. Kc3 Nd5+ 37. Kd3 f6 38. Ke4 g6 39. g3 Nc7 40.
Kd3 e5 41. Ke4 Nd5 42. Kd3 f5 43. f3 Kb4 44. h3 Nc7 45. Ke3 Kxb3 46. b6 Nd5+ 47.
Kd3 Nxb6 48. a5 Nc8 49. a6 Kb4 50. h4 h5 51. Ke3 Kb5 52. Kd3 Kc5 53. Ke3 Kd5 54.
Kd3 Na7 55. Ke3 Nb5 56. Kd3 e4+ 57. fxe4+ fxe4+ 58. Ke3 Ke5 59. Ke2 Kd4 60. Kd2
e3+ 61. Ke2 Ke4 62. Ke1 Kd3 63. Kd1 e2+ 64. Ke1 Ke3 65. g4 hxg4 66. h5 gxh5 67.
a7 Nd4 68. a8=Q Nc2# {White checkmated} 0-1

[Event "Team 45 45 League T58"]
[Site "Internet Chess Club"]
[Date "2013.09.07"]
[Round "3"]
[White "Deckfuel"]
[Black "Otelo"]
[Result "1-0"]
[WhiteElo "1994"]
[BlackElo "1809"]
[Opening "Sicilian: Scheveningen variation"]
[ECO "B80"]
[Time "08:01:55"]
[TimeControl "2700+45"]

1. e4 c5 2. Nf3 e6 3. d4 cxd4 4. Nxd4 Nf6 5. Nc3 d6 6. Be3 a6 7. g4 Nc6 8. g5
Nd7 9. Qd2 Be7 10. h4 Qc7 11. O-O-O b5 12. f4 Bb7 13. Bd3 Nc5 14. f5 b4 15. Nce2
Nxd3+ 16. Qxd3 Ne5 17. Qb3 Bxe4 18. fxe6 f6 19. gxf6 gxf6 20. Rhg1 d5 21. Rg7
Rc8 22. Bf4 Qd8 23. Qa4+ Kf8 24. Bh6 Nd3+ 25. Rxd3 Bxd3 26. Rg3# {Black
checkmated} 1-0

[Event "Team 45 45 League T58"]
[Site "Internet Chess Club"]
[Date "2013.09.06"]
[Round "3"]
[White "fishhead"]
[Black "LittleButton"]
[Result "0-1"]
[WhiteElo "1803"]
[BlackElo "1877"]
[Opening "Sicilian: dragon variation"]
[ECO "B70"]
[Time "11:03:07"]
[TimeControl "2700+45"]

1. e4 c5 2. Nf3 d6 3. d4 cxd4 4. Nxd4 Nf6 5. Nc3 g6 6. Bc4 Bg7 7. Bb3 Nc6 8.
Nxc6 bxc6 9. Bg5 Qa5 10. Qd2 O-O 11. f3 Be6 12. Na4 Qc7 13. c4 Rfe8 14. O-O-O
Nd7 15. Kb1 Ne5 16. Rc1 c5 17. Bf4 Qb7 18. Rhe1 Nc6 19. Bd1 Nd4 20. e5 Qa6 21.
b3 Rab8 22. Ka1 Bd7 23. Qd3 Bxa4 24. bxa4 Nc6 25. Qc3 dxe5 26. Rxe5 Nxe5 27.
Bxe5 Bxe5 28. Qxe5 Qf6 29. f4 Qxe5+ 30. fxe5 Red8 31. Bb3 Rd2 32. Rc2 Rxc2 33.
Bxc2 a5 34. h4 Rd8 35. Be4 Rd4 {White resigns} 0-1

[Event "Team 45 45 League T58"]
[Site "Internet Chess Club"]
[Date "2013.09.08"]
[Round "3"]
[White "Schachteufel"]
[Black "justice02"]
[Result "0-1"]
[WhiteElo "1651"]
[BlackElo "1805"]
[Opening "Dutch with c4 & Nc3"]
[ECO "A85"]
[Time "07:00:53"]
[TimeControl "2700+45"]

1. d4 f5 2. c4 Nf6 3. Nc3 c6 4. Bg5 g6 5. e3 Bg7 6. Nf3 O-O 7. c5 d5 8. cxd6
exd6 9. Bc4+ d5 10. Bb3 Kh8 11. O-O Na6 12. Ne5 Qe8 13. Rc1 Nc7 14. Ba4 Ne4 15.
Nxe4 fxe4 16. Nxc6 Bd7 17. Bf4 Ne6 18. Bd6 bxc6 19. Bxf8 Bxf8 20. Rc3 Bd6 21.
Qc2 Rc8 22. Rc1 Nd8 23. a3 a5 24. Qe2 Qf8 25. Qa6 Rb8 26. b3 Bxa3 27. R1c2 Bb4
28. Rxc6 Nxc6 29. Bxc6 Rc8 30. Qb5 Qd6 31. Qb7 Rxc6 32. Qa8+ Kg7 33. Rxc6 Bxc6
34. Qa7+ Bd7 {White resigns} 0-1

[Event "Team 45 45 League T58"]
[Site "Internet Chess Club"]
[Date "2013.09.06"]
[Round "3"]
[White "jps7"]
[Black "pokerram"]
[Result "0-1"]
[WhiteElo "1691"]
[BlackElo "1660"]
[Opening "King's Indian: East Indian defense"]
[ECO "A48"]
[Time "14:00:08"]
[TimeControl "2700+45"]

1. d4 Nf6 2. Nf3 g6 3. e3 Bg7 4. Bd3 O-O 5. O-O d6 6. c3 Nc6 7. h3 Nd7 8. Qc2 e5
9. d5 Ne7 10. c4 Nc5 11. e4 Nxd3 12. Qxd3 f5 13. Nc3 f4 14. b3 h6 15. Ba3 g5 16.
Nh2 h5 17. Qf3 Qe8 18. Rad1 Qg6 19. g4 fxg3 20. Qxg3 h4 21. Qg2 Bd7 22. Bc1 Bh6
23. Ng4 Bxg4 24. Qxg4 Kh7 25. f3 Ng8 26. Nb5 Rf7 27. Kh2 Nf6 28. Qg2 Nh5 29. Nc3
Ng3 30. Rf2 Raf8 31. Re1 Qh5 32. Re3 b6 33. Rd3 Qg6 34. Rc2 Qh5 35. Rf2 Qg6 36.
Kg1 g4 37. Bxh6 Qxh6 38. hxg4 Qc1+ 39. Kh2 Qf4 40. Kh3 Nh1 41. Ne2 Nxf2+ 42.
Qxf2 Qh6 43. Ng1 Rf4 44. Qxh4 Qxh4+ 45. Kxh4 Kg6 46. Kg3 R4f7 47. Rd2 Rh7 48.
Nh3 Rfh8 49. Rh2 Rh6 50. a4 a5 51. f4 exf4+ 52. Nxf4+ Kf7 53. Rxh6 Rxh6 54. Ne6
Rh1 55. Nxc7 Rb1 56. Nb5 Rxb3+ 57. Kf4 Ke7 58. g5 Rb4 59. Kf5 Rxa4 60. g6 Rxc4
61. Nxd6 Kxd6 62. g7 Rc8 63. Kf6 a4 64. e5+ Kxd5 65. e6 a3 66. e7 a2 67. Kf7
a1=Q 68. g8=Q Rxg8 69. Kxg8 Qe5 70. Kf8 Qf6+ 71. Ke8 Kd6 72. Kd8 Qxe7+ 73. Kc8
Qc7# {White checkmated} 0-1

[Event "Team 45 45 League T58"]
[Site "Internet Chess Club"]
[Date "2013.09.06"]
[Round "3"]
[White "zap2"]
[Black "frank001"]
[Result "1/2-1/2"]
[WhiteElo "1779"]
[BlackElo "1758"]
[Opening "Réti opening"]
[ECO "A04"]
[Time "03:08:24"]
[TimeControl "2700+45"]

1. Nf3 e6 2. g3 d5 3. Bg2 c5 4. O-O Nf6 5. d3 Nc6 6. Nbd2 g6 7. Re1 Bg7 8. e4
O-O 9. c3 b6 10. Nh4 Ba6 11. Qa4 Bb7 12. e5 Nd7 13. f4 Qc7 14. Nhf3 a6 15. Qc2
Rac8 16. Nf1 Rfe8 17. h3 b5 18. N1h2 d4 19. Ng4 h5 20. Nf2 Qb6 21. Ne4 Bf8 22.
g4 hxg4 23. hxg4 dxc3 24. bxc3 Na5 25. Nf6+ Nxf6 26. exf6 Qd6 27. Ne5 Bxg2 28.
Qxg2 Nc6 29. Qh3 Red8 30. Re3 c4 31. d4 Nxd4 32. Qh8+ Kxh8 33. Nxf7+ Kg8 34.
Nxd6 Rxd6 35. cxd4 Rxd4 36. Rxe6 Rd1+ 37. Kg2 a5 38. Kf3 Rcd8 39. Bb2 R8d3+ 40.
Re3 Bc5 41. Rxd3 Rxd3+ 42. Ke4 b4 43. Be5 Rd2 44. Rc1 c3 45. Bxc3 bxc3 46. Rxc3
Bb4 47. Rc7 Bf8 48. a4 {Game drawn by mutual agreement} 1/2-1/2

[Event "Team 45 45 League T58"]
[Site "Internet Chess Club"]
[Date "2013.09.05"]
[Round "3"]
[White "Portola"]
[Black "Riddick"]
[Result "0-1"]
[WhiteElo "1760"]
[BlackElo "1879"]
[Opening "Queen's pawn, Mason variation"]
[ECO "D00"]
[Time "20:00:46"]
[TimeControl "2700+45"]

1. d4 d5 2. Bf4 Nf6 3. e3 e6 4. Nf3 Be7 5. Bd3 Nbd7 6. Nbd2 Nh5 7. Bg3 Nxg3 8.
hxg3 Nf6 9. Ne5 a6 10. Ng4 h6 11. Nxf6+ Bxf6 12. Nf3 Qd6 13. c3 c5 14. Qe2 c4
15. Bc2 Bd7 16. e4 dxe4 17. Bxe4 Bc6 18. Bxc6+ Qxc6 19. O-O Rd8 20. a4 Rd5 21.
Nd2 b5 22. axb5 axb5 23. Ne4 Bd8 24. Ra7 Bb6 25. Ra6 O-O 26. f4 Rxd4 27. Nf2 Rd7
28. Kh2 Rfd8 29. Rd1 Rxd1 30. Nxd1 Bg1+ 31. Kxg1 Qxa6 32. Nf2 Qd6 33. Qg4 Qd2
34. Qf3 Rd5 35. Kh2 f5 36. g4 fxg4 37. Nxg4 Rh5+ 38. Kg3 Qd3 39. Ne3 Rh1 40. Kf2
Qd2+ 41. Qe2 Qxe2+ 42. Kxe2 Rb1 43. Nd1 Kf7 44. g4 Kf6 {White resigns} 0-1

[Event "Team 45 45 League T58"]
[Site "Internet Chess Club"]
[Date "2013.09.07"]
[Round "3"]
[White "Egmont"]
[Black "isolani"]
[Result "1-0"]
[WhiteElo "1773"]
[BlackElo "1676"]
[Opening "Queen's pawn: London system"]
[ECO "A45"]
[Time "13:02:38"]
[TimeControl "2700+45"]

1. d4 Nf6 2. Bf4 d5 3. e3 c5 4. Nf3 Nc6 5. Be2 e6 6. c3 Be7 7. h3 O-O 8. Nbd2
cxd4 9. exd4 Ne4 10. Nxe4 dxe4 11. Ne5 Nxe5 12. Bxe5 e3 13. fxe3 Bh4+ 14. Kd2 f6
15. Bh2 e5 16. Bd3 exd4 17. exd4 Bg5+ 18. Kc2 Bd7 19. Bc4+ Kh8 20. g4 Rc8 21.
Qd3 f5 22. Be5 fxg4 23. hxg4 Rf2+ 24. Kb1 h6 25. Qg6 Qe7 26. Rxh6+ Bxh6 27.
Qxh6# {Black checkmated} 1-0

[Event "Team 45 45 League T58"]
[Site "Internet Chess Club"]
[Date "2013.09.10"]
[Round "3"]
[White "chess09"]
[Black "Goli"]
[Result "1-0"]
[WhiteElo "2011"]
[BlackElo "1851"]
[Opening "Benkö gambit: main line"]
[ECO "A58"]
[Time "18:32:54"]
[TimeControl "2700+45"]

1. d4 Nf6 2. c4 c5 3. d5 b5 4. cxb5 a6 5. bxa6 Bxa6 6. Nc3 d6 7. Nf3 g6 8. e4
Bxf1 9. Kxf1 Bg7 10. g3 O-O 11. Kg2 Nbd7 12. h3 Qa5 13. Qc2 Rfb8 14. Re1 Ne8 15.
Bd2 Qb6 16. Reb1 Nc7 17. Bc1 Qa6 18. a4 Rb4 19. Bd2 Bxc3 20. bxc3 Rxa4 21. Rxa4
Qxa4 22. Qxa4 Rxa4 23. Rb7 Nf6 24. Rxc7 Rxe4 25. Bh6 {Black resigns} 1-0